 Dungeon Crawl Stone Soup version 0.28-a0-1389-gc726bef33b (webtiles) character file.

Game seed: 16680293178722512110

28 Deminshera the Shooter (level 2, -1/17 HPs)
             Began as a Deep Elf Hunter on Jan 3, 2022.
             Killed from afar by Natasha (6 damage)
             ... with a magic dart
             ... on level 2 of the Dungeon.
             The game lasted 00:00:42 (776 turns).

Deminshera the Shooter (Deep Elf Hunter)             Turns: 776, Time: 00:00:43

Health: -1/17      AC:  4    Str:  9    XL:     2   Next: 96%
Magic:  4/4        EV: 12    Int: 15    God:
Gold:   39         SH:  0    Dex: 15    Spells: 1/1 levels left

rFire   . . .      SeeInvis .   a - +1 shortbow
rCold   . . .      Faith    .   (shield currently unavailable)
rNeg    . . .      Spirit   .   c - +0 leather armour
rPois   .          Reflect  .   f - +0 helmet
rElec   .          Harm     .   (no cloak)
rCorr   .          Rampage  .   (no gloves)
Will    .....                   (no boots)
Stlth   ++........              (no amulet)
HPRegen 0.05/turn               (no ring)
MPRegen 0.09/turn               (no ring)

@: slowed, very slow
A: no striking features
a: no special abilities


You were on level 2 of the Dungeon.
You visited 1 branch of the dungeon, and saw 2 of its levels.

You collected 39 gold pieces.

Inventory:

Hand Weapons
 a - a +1 shortbow (weapon)
 b - a +0 short sword
Missiles
 d - 24 arrows (quivered ammo)
Armour
 c - a +0 leather armour (worn)
 f - a +0 helmet (worn)
Scrolls
 g - a scroll of enchant weapon {unknown}
 h - a scroll of amnesia {unknown}
Potions
 e - a potion of heal wounds {unknown}


   Skills:
 + Level 2.0 Fighting
 + Level 5.6 Bows
 - Level 3.0 Dodging
 + Level 2.2 Stealth


You had one spell level left.
You didn't know any spells.
Your spell library was empty.

Dungeon Overview and Level Annotations

Branches:
Dungeon (2/15)

Altars:

Annotations:
D:2 Natasha


Message History

Done exploring.
No target in view!
Done exploring.
No target in view!
Done exploring.
No target in view!
Done exploring.
There is a stone staircase leading down here.
You climb downwards.
Found 11 poisoned darts.
There is a stone staircase leading up here.
Found a stone staircase leading up.
No target in view!
Natasha, Servant of Life and Death comes into view.
Found an escape hatch in the ceiling.
Found a stone staircase leading up.
You shoot an arrow. The arrow hits Natasha.
Natasha hisses angrily.
Natasha is heavily wounded.
An endoplasm comes into view.
There are monsters nearby!
You shoot an arrow. The arrow closely misses Natasha.
There are monsters nearby!
You shoot an arrow. The arrow closely misses Natasha.
There are monsters nearby!
You shoot an arrow. The arrow closely misses Natasha.
Natasha stares at you and mumbles some strange words.
You feel yourself slow down.
You shoot an arrow.
The arrow hits Natasha but does no damage.
Natasha is moderately wounded.
Natasha casts a spell at you. The magic dart hits you.
You shoot an arrow.
The arrow hits Natasha but does no damage.
Natasha is moderately wounded.
Natasha claws you!
* * * LOW HITPOINT WARNING * * *
Natasha stares at you and mumbles some strange words.
The magic dart hits you.
You die...

#.# #<.#
########.# #..#
.........####.(##
#########........
#.<....#######
...####.# #.##
#.#.####
..###@..# ###
#h##.# #J# # .<<
... ..((. ####


You could see Natasha and an endoplasm.

Vanquished Creatures
  2 dart slugs (D:1)
  2 endoplasms (D:1)
  2 giant cockroaches (D:1)
  A goblin (D:1)
  2 hobgoblins (D:1)
  3 ball pythons (D:1)
  4 bats (D:1)
  2 frilled lizards (D:1)
  3 kobolds (D:1)
  2 rats (D:1)
23 creatures vanquished.

Notes
Turn   | Place    | Note
-------+----------+-------------------------------------------
     0 | D:1      | Deminshera the Deep Elf Hunter began the quest for the Orb.
     0 | D:1      | Reached XP level 1. HP: 12/12 MP: 3/3
   256 | D:1      | Found a faded altar of an unknown god.
   260 | D:1      | Reached XP level 2. HP: 17/17 MP: 4/4
   770 | D:2      | Noticed Natasha
   776 | D:2      | Killed from afar by Natasha

Illustrated notes

Levels and vault maps discovered:
D:1:      dpeg_arrival_line_fractal, layout_loops_ring,
          hellmonk_ecumenical_altar_blasted, minmay_quantized
D:2:      layout_loops_ring, uniq_natasha

Skill      XL: |  1  2 |
---------------+-------+-----
Stealth        | 2 |  2.2
Dodging        | 3 |  3.0
Fighting       | 2 |  2.0
Bows           | |  5.6

Action                   || total
-------------------------++-------
 Fire: Shortbow          ||    63
Armor: Leather armour    ||     7
Dodge: Dodged            ||    11

Table legend: (Time is in decaauts)
 A = Elapsed time spent in this place.
 B = Non-inter-level travel time spent in this place.
 C = Inter-level travel time spent in this place.
 D = Time resting spent in this place.
 E = Time spent auto-exploring this place.
 F = Levels seen in this place.
 G = Mean time per level.
                   A        B        C        D        E       F      G
               +--------+--------+--------+--------+--------+-----+--------+
         Total |    777 |    755 |     22 |      0 |    637 |   2 |  388.5 |
       Dungeon |    777 |    755 |     22 |      0 |    637 |   2 |  388.5 |
               +--------+--------+--------+--------+--------+-----+--------+

Top non-repeatable levels by time:
     D:1: 749 daAuts
     D:2: 28 daAuts
